 Dungeon Crawl Stone Soup version 0.23.1 (webtiles) character file.

Game seed: 16697637071310957501

2122 Irenicus the Geomancer (level 9, -8/68 HPs)
             Began as a Deep Dwarf Earth Elementalist on Mar 19, 2019.
             Mangled by an orc warrior
             ... wielding a +0 great sword
              (13 damage)
             ... on level 7 of the Dungeon.
             The game lasted 00:20:48 (3222 turns).

Irenicus the Geomancer (DDEE)                       Turns: 3222, Time: 00:20:49

Health: -8/68      AC: 10    Str: 11    XL:     9   Next: 8%
Magic:  7/15       EV: 11    Int: 20    God:
Gold:   251        SH:  0    Dex: 13    Spells: 13/16 levels left

rFire    . . .     SeeInvis .   l - +2 whip (drain)
rCold    . . .     Gourm    .   (no shield)
rNeg     . . .     Faith    .   t - +0 ring mail
rPois    .         Spirit   .   (no helmet)
rElec    .         Reflect  .   r - +0 cloak
rCorr    +         Harm     .   (no gloves)
MR       +....                  q - +1 pair of boots
Stlth    +.........             (no amulet)
HPRegen  0.00/turn              c - ring of resist corrosion
MPRegen  0.14/turn              (no ring)

@: non-regenerating
A: damage resistance, heal wounds, sense surroundings 2, no regeneration
a: Heal Wounds


You were on level 7 of the Dungeon.
You were not hungry.

You visited 1 branch of the dungeon, and saw 7 of its levels.

You collected 251 gold pieces.

Inventory:

Hand Weapons
 l - a +2 whip of draining (weapon)
   (You took it off a kobold on level 1 of the Dungeon)
Missiles
 b - 96 stones (quivered)
 v - a throwing net {=f, !d}
 w - 5 curare-tipped needles
Armour
 q - a +1 pair of boots (worn)
   (You found it on level 2 of the Dungeon)
 r - a +0 cloak (worn)
   (You took it off Crazy Yiuf on level 2 of the Dungeon)
 t - a +0 ring mail (worn)
   (You found it on level 2 of the Dungeon)
Jewellery
 c - a ring of resist corrosion (left hand)
   (You found it on level 3 of the Dungeon)
 u - an uncursed amulet of faith {Faith, !P}
   (You took it off a goblin on level 2 of the Dungeon)
Wands
 e - a wand of acid (16)
   (You found it on level 2 of the Dungeon)
 C - a wand of random effects (33)
   (You found it on level 6 of the Dungeon)
 E - a wand of flame (17)
   (You took it off Blork the orc on level 7 of the Dungeon)
Scrolls
 i - 2 scrolls of noise {!r}
 j - 2 scrolls of teleportation {unknown}
 k - 2 scrolls of fog
 n - 2 scrolls of fear {unknown}
 o - a scroll of identify
 x - 2 scrolls of remove curse
 y - a scroll of amnesia
 B - a scroll of blinking {unknown}
 D - a scroll of immolation {unknown}
 F - a scroll of enchant weapon {unknown}
Potions
 a - a potion of magic
 f - a potion of ambrosia
 g - 2 potions of haste
 h - 2 potions of lignification {!q}
 m - a potion of resistance
 p - a potion of invisibility
 s - a potion of brilliance
 z - a potion of flight
 A - a potion of curing
Comestibles
 d - 11 rations


   Skills:
 - Level 6.4 Armour
 - Level 2.1 Dodging
 - Level 2.4 Stealth
 + Level 4.2 Spellcasting
 - Level 0.8 Transmutations
 + Level 12.3 Earth Magic


You had 13 spell levels left.
You knew the following spells:

 Your Spells              Type           Power        Failure   Level  Hunger
a - Sandblast             Erth           ######       1%          1    None
w - Passwall              Tmut/Erth      ####....     2%          2    #......

Your spell library contained the following spells:

 Spells                   Type           Power        Failure   Level  Hunger
 Lee's Rapid Deconstruct  Erth           ######....   4%          5    ######.
 Stone Arrow              Conj/Erth      ####..       6%          3    ###....
 Petrify                  Tmut/Erth      ####....     19%         4    ####...


Dungeon Overview and Level Annotations

Branches:
Dungeon (7/15)
 Temple: D:4-7

Altars:
Elyvilon
Hepliaklqana
Kikubaaqudgha
Okawaru

Shops:
D:4 ?


Innate Abilities, Weirdness & Mutations

You are resistant to damage.
You can heal yourself by infusing magical energy.
You passively map the area around you.
You do not regenerate.


Message History

You kill the hound!
You have reached level 9!
Your experience leads to an increase in your attributes!
Increase (S)trength, (I)ntelligence, or (D)exterity?
You feel clever.
Your attunement to dungeon structure grows.
b - 92 stones You now have 3/14 mp.
You see here a hound corpse.
An orc warrior comes into view. It is wielding a +0 falchion.
The orc warrior shouts!
You hear a shout!
Aim: an orc warrior, wielding a +0 falchion, wearing a +0 chain mail and wearing a +0 shield The mass of ice explodes!
The iceblast engulfs the orc warrior!
You hear a shout! x2
Aim: an orc warrior, wielding a +0 falchion, wearing a +0 chain mail and wearing a +0 shield (moderately wounded)
The puff of flame misses the orc warrior.
You are confused.
You feel invigorated.
You regained 3 hp, and now have 21/68 hp.
You regained 3 mp, and now have 7/14 mp.
You regained 3 hp, and now have 24/68 hp.
You regained 4 mp, and now have 11/14 mp.
You regained 5 hp, and now have 29/68 hp.
MP restored: 14 Blork the orc comes into view.
He is wielding a +0 mace and carrying a wand of flame (18).
You regained 5 hp, and now have 34/68 hp.
You regained 3 hp, and now have 37/68 hp.
You feel less invigorated.
You feel less confused.
The orc warrior hits you with a +0 falchion!
You take 5 damage, and have 32/68 hp.
Aim: an orc warrior, wielding a +0 falchion, wearing a +0 chain mail and wearing a +0 shield (moderately wounded)
The blast of sand hits the orc warrior.
b - 91 stones You now have 13/14 mp.
MP restored: 14
Aim: an orc warrior, wielding a +0 falchion, wearing a +0 chain mail and wearing a +0 shield (heavily wounded)
The blast of sand hits the orc warrior!
b - 90 stones The orc warrior hits you with a +0 falchion!
You take 7 damage, and have 25/68 hp.
You now have 13/14 mp.
Aim: an orc warrior, wielding a +0 falchion, wearing a +0 chain mail and wearing a +0 shield (almost dead)
The blast of sand hits the orc warrior!
You kill the orc warrior!
Your Spellcasting skill increases to level 4!
b - 89 stones You now have 12/15 mp.
Aim: Blork the orc, wielding a +0 mace, wearing a +0 robe and carrying a wand of flame (18)
The blast of sand hits Blork the orc.
b - 88 stones Blork the orc zaps a wand.
The puff of flame hits you.
You take 4 damage, and have 21/68 hp.
You now have 11/15 mp.
Aim: Blork the orc, wielding a +0 mace, wearing a +0 robe and carrying a wand of flame (17) (lightly wounded)
The blast of sand hits Blork the orc!
b - 87 stones You now have 10/15 mp.
Aim: Blork the orc, wielding a +0 mace, wearing a +0 robe and carrying a wand of flame (17) (heavily wounded)
The blast of sand hits Blork the orc!
b - 86 stones Blork the orc points at you and mumbles some strange words.
The magic dart hits you.
* * * LOW HITPOINT WARNING * * *
You take 1 damage, and have 20/68 hp.
You now have 9/15 mp.
Aim: Blork the orc, wielding a +0 mace, wearing a +0 robe and carrying a wand of flame (17) (almost dead)
The blast of sand hits Blork the orc.
You kill Blork the orc!
b - 85 stones You now have 8/15 mp.
Items here: )) / [[[ ††
E - a wand of flame (17)
F - a scroll labeled OSHROH EDADDEMP
b - 100 stones (gained 15)
An orc warrior comes into view. It is wielding a +0 great sword.
An orc wizard comes into view. It is wielding a +0 dagger.
The orc warrior shouts!
The orc wizard shouts!
You hear a shout! x2
You can't see any susceptible monsters within range! (Use Z to cast anyway.) Unknown command.
Aim: an orc warrior, wielding a +0 great sword and wearing a +0 plate armour The blast of sand hits the orc warrior!!
b - 99 stones You now have 10/15 mp.
Aim: an orc warrior, wielding a +0 great sword and wearing a +0 plate armour (severely wounded)
The blast of sand hits the orc warrior but does no damage.
b - 98 stones A gnoll sergeant comes into view.
It is wielding a +0 trident.
You now have 9/15 mp.
Aim: an orc warrior, wielding a +0 great sword and wearing a +0 plate armour (severely wounded)
The blast of sand hits the orc warrior.
b - 97 stones The orc warrior hits you with a +0 great sword!
* * * LOW HITPOINT WARNING * * *
You take 11 damage, and have 9/68 hp.
You now have 8/15 mp.
Aim: an orc warrior, wielding a +0 great sword and wearing a +0 plate armour (almost dead)
The blast of sand hits the orc warrior.
b - 96 stones The orc wizard gestures at you while chanting.
The puff of flame hits you.
* * * LOW HITPOINT WARNING * * *
The orc warrior hits you with a +0 great sword!
You die...

########## ###........#
# #..........# ##### # ,
*...........# #...# # *
.......@...# #...###
.g###..o...# ### #...##.
,,*, ,.#)#......# #.#
#...... * ..###o.....#
#.#####.##. * * ,
..........# #...# #.#..
* *
...........###.#.###.##.
, ,
...............#...#.##.
* *
.####$..#####)###.#.##.
*, *#... #..†%...##.


You could see an orc warrior, a gnoll sergeant and an orc wizard.

Vanquished Creatures
  Sigmund (D:3)
  Eustachio (D:6)
  An orc warrior (D:7)
  A phantom (D:4)
  2 ice beasts
  2 black bears
  3 sky beasts
  An ogre (D:3)
  Blork the orc (D:7)
  A bullfrog (D:7)
  4 scorpions
  2 crimson imps
  A jelly (D:6)
  Crazy Yiuf (D:2)
  2 hounds
  An orc priest (D:3)
  2 orc wizards
  An iguana (D:6)
  4 worker ants
  A hound skeleton (D:5)
  4 gnolls (D:3)
  4 adders
  An adder skeleton (D:4)
  A dart slug (D:1)
  6 worms
  2 leopard geckos
  13 orcs
  4 bats
  A giant cockroach (D:6)
  6 goblins
  4 hobgoblins
  8 jackals
  6 kobolds
  2 quokkas (D:3)
  A ball python (D:7)
  5 frilled lizards
  A jackal skeleton (D:4)
  A quokka zombie (D:6)
  4 rats
107 creatures vanquished.

Notes
Turn   | Place    | Note
-------+----------+-------------------------------------------
     0 | D:1      | Irenicus the Deep Dwarf Earth Elementalist began the quest
                  | for the Orb.
     0 | D:1      | Reached XP level 1. HP: 15/15 MP: 3/3
   317 | D:1      | Reached XP level 2. HP: 22/22 MP: 0/4
   425 | D:1      | Learned a level 2 spell: Passwall
   430 | D:1      | Reached skill level 5 in Earth Magic
   562 | D:2      | Reached XP level 3. HP: 21/28 MP: 2/5
   764 | D:2      | Found a runed translucent door.
   765 | D:2      | Noticed Crazy Yiuf
   770 | D:2      | HP: 6/28 [Crazy Yiuf/+4 quarterstaff of chaos (7)]
   771 | D:2      | Killed Crazy Yiuf
   771 | D:2      | Reached skill level 6 in Earth Magic
   771 | D:2      | Reached XP level 4. HP: 8/36 MP: 2/6
   840 | D:2      | HP: 6/36 [goblin (2)]
  1061 | D:2      | Found a white marble altar of Elyvilon.
  1148 | D:3      | Reached skill level 7 in Earth Magic
  1152 | D:3      | Noticed an ogre
  1167 | D:3      | Killed an ogre
  1167 | D:3      | Reached skill level 8 in Earth Magic
  1167 | D:3      | Reached XP level 5. HP: 7/42 MP: 1/7
  1331 | D:3      | Noticed Sigmund
  1341 | D:3      | Killed Sigmund
  1341 | D:3      | Reached skill level 2 in Spellcasting
  1341 | D:3      | Reached XP level 6. HP: 41/49 MP: 5/10
  1465 | D:3      | Reached skill level 3 in Spellcasting
  1465 | D:3      | Reached skill level 9 in Earth Magic
  1471 | D:3      | Reached skill level 1 in Armour
  1812 | D:4      | Reached skill level 2 in Armour
  1812 | D:4      | Reached XP level 7. HP: 33/55 MP: 3/11
  1876 | D:4      | Found Reoppus's Magic Scroll Boutique.
  1916 | D:4      | Found an iron altar of Okawaru.
  2045 | D:4      | Reached skill level 3 in Armour
  2118 | D:5      | Entered Level 5 of the Dungeon
  2122 | D:5      | Found a hazy altar of Hepliaklqana.
  2172 | D:5      | Reached skill level 10 in Earth Magic
  2240 | D:5      | Reached skill level 4 in Armour
  2392 | D:5      | Reached XP level 8. HP: 18/62 MP: 6/12
  2467 | D:5      | Reached skill level 5 in Armour
  2741 | D:6      | Reached skill level 11 in Earth Magic
  2810 | D:6      | Found an ancient bone altar of Kikubaaqudgha.
  2838 | D:6      | Noticed Eustachio
  2846 | D:6      | Killed Eustachio
  2846 | D:6      | Reached skill level 6 in Armour
  3153 | D:7      | Reached skill level 12 in Earth Magic
  3180 | D:7      | Gained mutation: You passively map the area around you.
                  | [Deep Dwarf growth]
  3180 | D:7      | Reached XP level 9. HP: 18/68 MP: 3/14
  3191 | D:7      | Noticed Blork the orc
  3198 | D:7      | Reached skill level 4 in Spellcasting
  3202 | D:7      | Killed Blork the orc
  3221 | D:7      | HP: 9/68 [orc warrior/+0 great sword (11)]
  3222 | D:7      | Mangled by an orc warrior

Skill      XL: |  1  2  3  4  5  6  7  8  9 |
---------------+----------------------------+-----
Earth Magic    | 5 6 8 9 10 12 | 12.3
Spellcasting   | 2 3 4 |  4.2
Armour         | 2 4 6 |  6.4
Dodging        | |  2.1
Stealth        | |  2.4
Transmutations | |  0.8

Action                   |  1- 3 |  4- 6 |  7- 9 || total
-------------------------+-------+-------+-------++-------
Melee: Club              |     3 |       |       ||     3
       Unarmed           |     2 |       |       ||     2
       Whip              |    10 |    16 |     3 ||    29
 Cast: Sandblast         |    19 |    66 |   101 ||   186
       Passwall          |     3 |    20 |     9 ||    32
Evoke: Wand              |       |     1 |     4 ||     5
  Use: Scroll            |     2 |     1 |     8 ||    11
       Potion            |       |     3 |     1 ||     4
 Stab: Sleeping          |     1 |     1 |     1 ||     3
  Eat: Chunk             |       |     4 |     2 ||     6
       Ration            |       |       |     1 ||     1
Armor: Robe              |     3 |     1 |       ||     4
       Ring mail         |       |    18 |    14 ||    32
Dodge: Dodged            |    15 |    31 |    15 ||    61

Levels and vault maps discovered:
D:1:      dpeg_arrival_line_fractal, layout_basic
D:2:      layout_basic, elyvilon_altar_3, hex_tiny, minmay_tetromino_t2,
          uniq_crazy_yiuf_cottage
D:3:      layout_basic, uniq_sigmund
D:4:      layout_rooms, serial_shops, shop, okawaru_metal_pillars_3
D:5:      layout_layer_cave, nicolae_overflow_crystal_walls, first_ration
D:6:      layout_loops_ring, kiku_gazebo_pond_becter, uniq_eustachio
D:7:      layout_basic, minmay_temple_entry_overgrown, sword_in_stone,
          uniq_joseph, uniq_pikel, uniq_menkaure

Table legend:
 A = Turns spent in this place as a percentage of turns spent in the entire game.
 B = Non-inter-level travel turns spent in this place as a percentage of non-inter-level travel turns spent in the entire game.
 C = Inter-level travel turns spent in this place as a percentage of turns spent in this place.
 D = Turns resting spent in this place as a percentage of non-inter-level travel turns spent in this place.
 E = Turns spent auto-exploring this place as a percentage of non-inter-level travel turns spent in this place.
 F = Non-inter-level travel turns spent in this place divided by the number of levels of this place that you've seen.
                   A       B       C       D       E      F
               +-------+-------+-------+-------+-------+----------------------
         Total | 100.0 | 100.0 |   0.0 |   0.0 |   0.0 | 460.3
       Dungeon | 100.0 | 100.0 |   0.0 |   0.0 |   0.0 | 460.3
               +-------+-------+-------+-------+-------+----------------------

Table legend:
 A = Kills in this place as a percentage of kills in entire the game.
 B = Kills by you in this place as a percentage of kills by you in the entire game.
 C = Kills by friends in this place as a percentage of kills by friends in the entire game.
 D = Other kills in this place as a percentage of other kills in the entire game.
 E = Experience gained in this place as a percentage of experience gained in the entire game.
 F = Experience gained in this place divided by the number of levels of this place that you have seen.
                   A       B       C       D       E      F
               +-------+-------+-------+-------+-------+----------------------
         Total | 100.0 | 100.0 |   N/A |   N/A | 100.0 | 433.1
       Dungeon | 100.0 | 100.0 |   N/A |   N/A | 100.0 | 433.1
               +-------+-------+-------+-------+-------+----------------------
